 Dungeon Crawl Stone Soup version 0.27.1-33-g824d729ab1 (webtiles) character file.

Game seed: 10290244181761888770

42 jlumianski the Skirmisher (level 3, 0/34 HPs)
             Began as a Gargoyle Monk on Dec 14, 2021.
             Slain by a kobold (2 damage)
             ... on level 2 of the Dungeon.
             The game lasted 00:05:20 (1524 turns).

jlumianski the Skirmisher (Gargoyle Monk)           Turns: 1524, Time: 00:05:22

Health: 0/34       AC: 21    Str: 15    XL:     3   Next: 54%
Magic:  3/3        EV:  2    Int: 10    God:
Gold:   53         SH:  0    Dex: 12    Spells: 2/2 levels left

rFire    . . .     SeeInvis .   d - +2 dagger (venom)
rCold    . . .     Faith    .   (no shield)
rNeg     + + +     Spirit   .   (armour currently unavailable)
rPois    ∞         Reflect  .   (helmet currently unavailable)
rElec    .         Harm     .   (cloak currently unavailable)
rCorr    .         Rampage  .   (gloves currently unavailable)
Will     .....     NoTele   +   (boots currently unavailable)
Stlth    ++........             (no amulet)
HPRegen  0.11/turn              n - ring of wizardry
MPRegen  0.08/turn              (no ring)

@: tree-form
A: stationary, stasis, torment immunity, boosted hp, sickness immunity, AC +3,
negative energy resistance 1, (electricity resistance), torment resistance 1,
petrification resistance
a: no special abilities


You were on level 2 of the Dungeon.
You were a tree.
You visited 1 branch of the dungeon, and saw 2 of its levels.

You collected 53 gold pieces.

Inventory:

Hand Weapons
 a - a +0 hand axe
 d - a +2 dagger of venom (weapon)
Missiles
 c - 52 stones
 m - 8 poisoned darts (quivered)
Armour
 b - a +0 robe
 k - a +0 ring mail (melded)
Jewellery
 n - a ring of wizardry (left branch)
Scrolls
 h - a scroll of acquirement {unknown}
 i - a scroll of identify {unknown}
Potions
 e - 2 potions of degeneration {unknown}
 f - a potion of flight {unknown}
 g - a potion of mutation {unknown}
 j - a potion of lignification
 l - a potion of curing {unknown}
 o - a potion of haste {unknown}


   Skills:
 + Level 3.6 Fighting
 + Level 0.3 Short Blades
 + Level 3.2 Axes
 + Level 0.1 Armour
 + Level 2.9 Dodging
 + Level 2.3 Stealth


You had 2 spell levels left.
You didn't know any spells.
Your spell library was empty.

Dungeon Overview and Level Annotations

Branches:
Dungeon (2/15)

Altars:
Makhleb


Innate Abilities, Weirdness & Mutations

You are a tree.
Your roots penetrate the ground, keeping you stationary.
You cannot be teleported.
You are immune to unholy pain and torment.
Your maximum health is greatly increased.
Your equipment is partially melded.
You are immune to sickness and miasma.
((Your stone body is resilient. (AC +3)))
You are immune to poison.
You resist negative energy. (rN+)
((You are resistant to electric shocks. (rElec)))
You are resistant to unholy torment.
You are immune to petrification.


Message History

The scorpion stings you but does no damage.
You closely miss the scorpion.
The scorpion is moderately wounded.
The adder bites you but does no damage.
The scorpion stings you but does no damage.
You closely miss the scorpion.
The scorpion is moderately wounded.
The adder bites you.
* * * LOW HITPOINT WARNING * * *
The scorpion stings you but does no damage.
The adder bites you but does no damage.
You hit the scorpion but do no damage.
The scorpion is poisoned.
The scorpion is moderately wounded.
The scorpion completely misses you. The adder bites you but does no damage.
The goblin hits you but does no damage.
The quokka bites you but does no damage.
The scorpion stings you but does no damage.
You hit the goblin.
You kill the goblin!
The adder bites you but does no damage.
The quokka bites you but does no damage.
The scorpion stings you but does no damage.
You hit the quokka.
The quokka is poisoned.
The quokka is almost dead.
You kill the quokka!
The adder bites you but does no damage.
The scorpion stings you but does no damage.
The adder bites you but does no damage.
You hit the adder.
The adder is poisoned.
The adder is heavily wounded.
The scorpion stings you but does no damage.
The adder bites you but does no damage. The kobold hits you but does no damage.
You hit the hobgoblin.
The hobgoblin is heavily wounded.
The scorpion stings you.
* * * LOW HITPOINT WARNING * * *
The adder bites you but does no damage.
The hobgoblin hits you but does no damage.
The kobold hits you with a +0 club.
You die...

###......#
#............##
#......#
##...rKg....##
#......#
#####!######
#.###### #.# ...#
####.# ## .....
##....#...# .._..#
##..........#
.....#
...####gS..........
......)♣s..........
##.####.K..........
##..........#
##...##...## #####
####


You could see a scorpion (poisoned), an adder (very poisoned), a hobgoblin and a
kobold.

Vanquished Creatures
  An adder (D:2)
  A dart slug (D:1)
  2 bats (D:1)
  3 endoplasms (D:1)
  A giant cockroach (D:1)
  5 goblins
  2 hobgoblins (D:1)
  3 jackals (D:1)
  A quokka (D:2)
  3 ball pythons (D:1)
  3 frilled lizards
  4 kobolds
  2 rats (D:1)
31 creatures vanquished.

Vanquished Creatures (others)
  3 plants (D:2)
3 creatures vanquished.

Grand Total: 34 creatures vanquished

Notes
Turn   | Place    | Note
-------+----------+-------------------------------------------
     0 | D:1      | jlumianski the Gargoyle Monk began the quest for the Orb.
     0 | D:1      | Reached XP level 1. HP: 14/14 MP: 1/1
   188 | D:1      | Reached XP level 2. HP: 15/19 MP: 2/2
   353 | D:1      | Found a faded altar of an unknown god.
  1232 | D:2      | Found a burning altar of Makhleb.
  1266 | D:1      | Reached XP level 3. HP: 23/23 MP: 3/3
  1500 | D:2      | Noticed a scorpion
  1524 | D:2      | Slain by a kobold

Illustrated notes

Levels and vault maps discovered:
D:1:      dpeg_arrival_shrine, layout_basic, basic_ecumenical_altar
D:2:      layout_rooms, basic_altar, minmay_lizard_king

Skill      XL: |  1  2 |
---------------+-------+-----
Axes           | 3 |  3.2
Fighting       | |  3.6
Short Blades   | |  0.3
Armour         | |  0.1
Dodging        | |  2.9
Stealth        | |  2.3

Action                   || total
-------------------------++-------
Melee: Dagger            ||    78
       Hand axe          ||     5
Throw: Stone             ||     2
  Use: Potion            ||     1
 Stab: Sleeping          ||     2
Armor: Robe              ||     5
       Ring mail         ||    31
       Skin              ||    20
Dodge: Dodged            ||    56
